 Dungeon Crawl Stone Soup version 0.25-a0-496-g8c4878dea3 (webtiles) character file.

Game seed: 10317488325594938306, levelgen mode: deterministic

3910 somegarg the Blocker (level 10, 0/63 HPs)
             Began as a Gargoyle Fighter on Feb 12, 2020.
             Was a Believer of Qazlal.
             Slain by a large abomination (21 damage)
             ... on level 1 of the Abyss.
             The game lasted 00:36:39 (6194 turns).

somegarg the Blocker (Gargoyle Fighter)             Turns: 6194, Time: 00:36:40

Health: 0/63       AC: 20    Str: 23    XL:     10   Next: 20%
Magic:  15/15      EV:  6    Int:  9    God:    Qazlal [**....]
Gold:   369        SH: 14    Dex: 11    Spells: 9/9 levels left

rFire    . . .     SeeInvis .   a - +0 war axe
rCold    . . .     Gourm    .   c - +0 kite shield
rNeg     + . .     Faith    .   y - +0 chain mail
rPois    ∞         Spirit   .   p - +0 hat
rElec    +         Reflect  .   (no cloak)
rCorr    .         Harm     .   (no gloves)
MR       .....                  G - +2 pair of boots
Stlth    ..........             (no amulet)
HPRegen  0.20/turn              H - +2 ring of dexterity
MPRegen  0.14/turn              (no ring)

@: no status effects
A: negative energy resistance 1, electricity resistance, unbreathing,
petrification resistance, rot immunity, AC +7
a: Upheaval, Renounce Religion


You were on level 1 of the Abyss.
You worshipped Qazlal.
Qazlal was pleased with you.
You were not hungry.

You visited 2 branches of the dungeon, and saw 9 of its levels.
You visited the Abyss 1 time.
You also visited: Sewer.

You collected 369 gold pieces.

Inventory:

Hand Weapons
 a - a +0 war axe (weapon)
 u - a +0 hand crossbow
 F - a +2 battleaxe
Missiles
 x - 2 boomerangs (quivered)
Armour
 b - a +0 scale mail
 c - a +0 kite shield (worn)
 h - a +0 plate armour
 p - a +0 hat (worn)
 y - a +0 chain mail (worn)
 G - a +2 pair of boots (worn)
Jewellery
 i - an uncursed ring of fire
 H - a +2 ring of dexterity (left hand)
Wands
 r - a wand of iceblast (13)
 D - a wand of random effects (15)
 I - a wand of clouds (6)
Scrolls
 j - a scroll of fog {unknown}
 k - a scroll of amnesia {unknown}
 l - 4 scrolls of teleportation
 m - 3 scrolls of identify
 o - 3 scrolls of remove curse
 A - a scroll of magic mapping {unknown}
Potions
 d - a potion of might
 e - a potion of degeneration {unknown}
 g - a potion of flight {unknown}
 q - 2 potions of ambrosia {unknown}
 t - 4 potions of magic
 v - 2 potions of brilliance {unknown}
 w - a potion of agility
 z - a potion of lignification {unknown}
 B - 2 potions of invisibility {unknown}
 C - a potion of heal wounds {unknown}
 E - a potion of mutation {unknown}
Comestibles
 f - 18 rations


   Skills:
 + Level 7.2 Fighting
 * Level 7.7 Axes
 - Level 5.0 Armour
 * Level 8.5 Shields
 * Level 7.0 Invocations


You had 9 spell levels left.
You didn't know any spells.
Your spell library was empty.

Dungeon Overview and Level Annotations

Branches:
Dungeon (8/15)             Temple (1/1) D:5           Sewer (visited)
   Lair: D:8-11

Altars:
Cheibriados
Elyvilon
Fedhas
Gozag
Kikubaaqudgha
Nemelex Xobeh
Okawaru
Qazlal
Uskayaw
Wu Jian
Xom
Yredelemnul
The Shining One

Annotations:
D:4 1 runed translucent door, Crazy Yiuf
D:8 Psyche


Innate Abilities, Weirdness & Mutations

You are resistant to torment.
Your stone body is resilient. (AC +7)
You are immune to poison.
You resist negative energy. (rN+)
You are resistant to electric shocks. (rElec)
You can survive without breathing.
You are immune to petrification.
You are immune to rotting.


Message History

You hit the ynoxinul.
The ynoxinul gestures.
You barely miss the large abomination.
The large abomination is severely damaged.
Your chain mail prevents you from hitting the ynoxinul.
Your shield and chain mail prevent you from hitting the ufetubus.
The ynoxinul hits you but does no damage.
The large abomination hits you!!
The ufetubus hits you but does no damage.
You block the ufetubus's attack.
You are too injured to fight recklessly!
You are too injured to fight recklessly!
You are too injured to fight recklessly!
Unknown command.
You barely miss the ynoxinul. You closely miss the ufetubus.
You barely miss the large abomination. You block the ufetubus's attack. x2
The ynoxinul hits you but does no damage.
The ufetubus hits you but does no damage. x2
The large abomination hits you!!
You die...

# .. ..## # .
# #..
##...#..# #.
.###... ..>.
.##.#.##.#..##
......#. ...#
.#. .##
.##.#.#
##.###...#.##
#.# #.####5#
.# . . #@.# ##
..##.5X3##
#......$5. #
#.#..###.## #
##.# ... # ...
..## #.


You could see a large abomination, a ynoxinul and 3 ufetubi.

Vanquished Creatures
  Pikel (D:8)
  Eustachio (D:4)
  4 hogs (D:7)
  A human (D:7)
  A water moccasin (D:6)
  A porcupine (D:8)
  2 orc warriors (D:8)
  2 sky beasts (D:8)
  2 slaves (D:8)
  A necrophage (D:7)
  2 black bears
  A phantom (D:8)
  A wolf (D:8)
  A centaur (D:6)
  A crocodile (D:8)
  A big kobold (D:8)
  2 bullfrogs
  A scorpion (D:8)
  5 wights (D:6)
  2 howler monkeys (D:6)
  A centaur zombie (D:7)
  A crimson imp (D:8)
  2 hounds
  A jelly (D:8)
  2 centaur skeletons
  2 orc priests
  6 orc wizards
  A bullfrog skeleton (D:8)
  An iguana (D:8)
  2 worker ants
  15 adders
  7 gnolls
  A shadow imp (D:6)
  An ufetubus (Abyss:1)
  An ooze (D:2)
  An adder skeleton (D:8)
  4 worms
  3 dart slugs
  7 leopard geckos
  28 orcs
  5 ball pythons
  4 bats
  7 giant cockroaches
  5 goblins
  6 hobgoblins
  25 jackals
  2 quokkas
  5 frilled lizards
  14 kobolds
  A quokka zombie (D:6)
  9 rats
  7 plants (Sewer)
210 creatures vanquished.

Vanquished Creatures (others)
  2 slaves (D:8)
  A fungus (D:8)
  A plant (D:8)
4 creatures vanquished.

Grand Total: 214 creatures vanquished

Notes
Turn   | Place    | Note
-------+----------+-------------------------------------------
     0 | D:1      | somegarg the Gargoyle Fighter began the quest for the Orb.
     0 | D:1      | Reached XP level 1. HP: 14/14 MP: 1/1
   271 | D:1      | Reached XP level 2. HP: 19/19 MP: 2/2
   981 | D:2      | Reached XP level 3. HP: 23/23 MP: 3/3
  1160 | D:2      | Reached XP level 4. HP: 10/29 MP: 4/4
  1816 | D:3      | Reached skill level 4 in Shields
  1855 | D:3      | Found a glowing drain.
  1870 | Sewer    | Entered a sewer
  1971 | Sewer    | Reached XP level 5. HP: 33/33 MP: 5/5
  2864 | D:4      | Reached XP level 6. HP: 34/38 MP: 6/6
  3217 | D:4      | Noticed Eustachio
  3242 | D:4      | Killed Eustachio
  3242 | D:4      | Reached XP level 7. HP: 31/44 MP: 7/7
  3280 | D:4      | Found a runed translucent door.
  3281 | D:4      | Noticed Crazy Yiuf
  3443 | D:5      | Entered Level 5 of the Dungeon
  3466 | D:5      | Reached skill level 5 in Armour
  3466 | D:5      | Reached skill level 5 in Shields
  3566 | D:5      | Found a staircase to the Ecumenical Temple.
  3584 | Temple   | Entered the Ecumenical Temple
  3689 | Temple   | Became a worshipper of Qazlal Stormbringer
  3802 | D:6      | Reached skill level 5 in Fighting
  3802 | D:6      | Reached skill level 1 in Invocations
  3839 | D:6      | Reached skill level 5 in Axes
  3956 | D:6      | Reached XP level 8. HP: 48/49 MP: 9/9
  4153 | D:6      | Found a basalt altar of Yredelemnul.
  4237 | D:6      | Reached * piety under Qazlal
  4558 | D:7      | Reached skill level 6 in Shields
  4944 | D:7      | Found an iron altar of Okawaru.
  4975 | D:7      | Reached XP level 9. HP: 49/55 MP: 12/12
  4997 | D:7      | Reached skill level 7 in Shields
  4997 | D:7      | Reached skill level 5 in Invocations
  5496 | D:8      | Found an opulent altar of Gozag.
  5496 | D:8      | Noticed Pikel
  5516 | D:8      | Killed Pikel
  5592 | D:8      | Reached ** piety under Qazlal
  5627 | D:8      | Reached skill level 8 in Shields
  5654 | D:8      | Reached XP level 10. HP: 30/63 MP: 14/14
  5689 | D:8      | Noticed Psyche
  6148 | D:8      | Cast into level 1 of the Abyss (Psyche)
  6194 | Abyss:1  | Slain by a large abomination

Levels and vault maps discovered:
D:1:      heliophobic_arrival_ceremonial_halls, layout_basic,
          minmay_tetromino_l4
D:2:      layout_rooms
D:3:      layout_basic, gup_sewer_entry_bubbles
D:4:      layout_basic, uniq_crazy_yiuf_cottage, uniq_eustachio
D:5:      layout_basic, minmay_temple_entry_nine_rooms, serial_shops, shop,
          first_ration, nemelex_xobeh_ov_fountains_minmay, uniq_grinder
D:6:      layout_basic, basic_altar
D:7:      layout_basic, okawaru_trees_1, grunt_livestock, minmay_liquid_box
D:8:      layout_cave_pools, minmay_lair_entry_grove, serial_shops,
          shop_fountains, nicolae_gozag_seed_capital, uniq_pikel, uniq_harold,
          uniq_psyche
Temple:   roderic_octagonal_lattice_temple
Abyss:1:  base:
D:7

Skill      XL: |  1  2  3  4  5  6  7  8  9 10 |
---------------+-------------------------------+-----
Axes           | 2 3 4 5 6 7 |  7.7
Armour         | 4 5 |  5.0
Shields        | 4 5 6 8 |  8.5
Fighting       | 4 5 6 7 |  7.2
Invocations    | 2 4 6 7 |  7.0

Action                   |  1- 3 |  4- 6 |  7- 9 | 10-12 || total
-------------------------+-------+-------+-------+-------++-------
Melee: War axe           |   140 |   357 |   377 |    58 ||   932
  Use: Scroll            |     1 |       |     6 |     1 ||     8
       Potion            |       |       |     3 |     1 ||     4
  Eat: Chunk             |     1 |     5 |     8 |     1 ||    15
       Ration            |       |     1 |       |     1 ||     2
Armor: Scale mail        |    93 |   167 |       |       ||   260
       Chain mail        |       |    80 |   300 |    54 ||   434
Dodge: Dodged            |    41 |    99 |   109 |    14 ||   263
Block: Kite shield       |    77 |   208 |   277 |    50 ||   612

Table legend:
 A = Non-vault XP
 B = Vault XP
 C = Vault XP percentage of total XP
 D = Non-vault monster count
 E = Vault monster count
 F = Vault count percentage of total count
                 A         B        C        D         E       F
            +---------+---------+-------+---------+---------+-------
      Total |    3096 |    2490 |  44.6 |     159 |      42 |  20.9
            +---------+---------+-------+---------+---------+-------
        D:1 |      29 |       4 |  12.1 |      19 |       3 |  13.6
        D:2 |      71 |       0 |   0.0 |      25 |       0 |   0.0
        D:3 |      80 |      15 |  15.8 |      13 |       5 |  27.8
        D:4 |     188 |     203 |  51.9 |      22 |       1 |   4.3
        D:5 |     159 |       0 |   0.0 |       6 |       0 |   0.0
        D:6 |     974 |       0 |   0.0 |      22 |       0 |   0.0
        D:7 |     381 |     962 |  71.6 |      18 |       5 |  21.7
        D:8 |    1206 |    1214 |  50.2 |      33 |       7 |  17.5
    Abyss:1 |       8 |       0 |   0.0 |       1 |       0 |   0.0
      Sewer |       0 |      92 | 100.0 |       0 |      21 | 100.0
            +---------+---------+-------+---------+---------+-------
